Map: Ascension to Aiur LE

Players

JimRising - Winner!

  • Race: Zerg Zerg
  • League: Grandmaster
  • Spawn Location: 5:00

llllllllllll (RuFF)

  • Race: Terran Terran
  • League: Grandmaster
  • Spawn Location: 11:00

VOD

Have the link to the VOD?

Description

Time

  • Played on: Oct. 6, 2017, 12:11 a.m.
  • Length: 13:17
Show
View Real Time Build Order
Export as new Build Order

JimRising Zerg - Winner!

Build Orders: Hatch First, Muta Ling Bane 

Get SALT Encoding   

  12  0:00  Drone  
  13  0:12  Overlord  
  13  0:17  Drone  
  14  0:30  Drone x2  
  16  0:50  Hatchery  
  16  0:53  Drone  
  16  0:57  Drone  
  16  1:01  Extractor  
  16  1:15  Spawning Pool  
  16  1:17  Drone  
  16  1:21  Drone  
  17  1:25  Drone  
  17  1:29  Drone  
  19  1:38  Overlord  
  19  1:54  Drone  
  20  2:00  Drone  
  21  2:02  Queen  
  21  2:04  Queen  
  25  2:08  Zergling x2  
  26  2:15  Metabolic Boost  
  26  2:17  Drone  
  26  2:19  Drone  
  28  2:23  Drone  
  28  2:25  Drone  
  30  2:32  Drone  
  30  2:35  Drone  
  32  2:42  Queen  
  34  2:44  Overlord  
  34  2:51  Zergling x2  
  34  2:54  Pneumatized Carapace  
  34  2:58  Overlord  
  35  3:00  Drone  
  35  3:07  Zergling x2  
  35  3:08  Drone  
  35  3:12  Drone x4  
  41  3:20  Roach Warren  
  40  3:40  Hatchery  
  39  3:46  Drone x2  
  39  3:47  Drone x2  
  39  3:48  Extractor  
  42  3:52  Lair  
  42  3:55  Extractor  
  42  3:56  Drone x3  
  44  4:05  Drone x3  
  44  4:08  Drone  
  44  4:09  Extractor  
  47  4:11  Drone x2  
  47  4:13  Drone  
  50  4:22  Overlord  
  50  4:23  Overlord  
  50  4:30  Overlord, Drone  
  51  4:42  Drone  
  51  4:43  Overlord x2  
  52  4:51  Drone  
  53  4:54  Spire  
  53  4:59  Drone x2  
  55  5:00  Drone x8  
  55  5:02  Drone  
  63  5:15  Overlord  
  62  5:32  Hatchery  
  62  5:33  Overlord x3  
  62  5:35  Drone x3  
  64  5:38  Extractor  
  64  5:39  Extractor  
  63  5:42  Drone  
  63  5:43  Drone x3  
  63  5:44  Drone x2  
  68  6:13  Mutalisk  
  68  6:14  Mutalisk x11  
  68  6:18  Drone x4  
  94  6:24  Drone  
  95  6:28  Drone  
  95  6:29  Drone  
  97  6:37  Drone x3  
  97  6:39  Hatchery  
  99  6:40  Drone  
  99  6:41  Evolution Chamber x2  
  99  6:42  Hydralisk Den  
  97  6:47  Overlord x2  
  97  6:48  Baneling Nest  
  97  6:49  Drone x2  
  98  6:56  Overlord, Drone  
  98  6:57  Drone x3  
  96  7:15  Zerg Ground Armor Level 1  
  96  7:16  Zerg Missile Weapons Level 1  
  96  7:25  Muscular Augments, Drone x3  
  96  7:26  Queen, Drone x3  
  96  7:28  Drone  
  105  7:31  Hydralisk x6  
  105  7:35  Zerg Flyer Armor Level 1  
  115  7:43  Hydralisk x4  
  123  7:52  Overlord  
  123  8:03  Drone x2  
  123  8:04  Overlord x4  
  125  8:08  Centrifical Hooks  
  125  8:10  Infestation Pit  
  125  8:12  Extractor  
  123  8:13  Extractor  
  123  8:14  Spine Crawler  
  123  8:16  Drone x2  
  123  8:17  Overlord x2, Drone x4  
  123  8:18  Drone x2  
  129  8:21  Hydralisk x2  
  129  8:23  Hydralisk x4  
  129  8:27  Hydralisk x2  
  141  8:29  Hydralisk  
  147  8:34  Hydralisk x2  
  151  8:47  Hive, Zergling x2, Overlord  
  151  8:48  Zergling x18  
  158  8:51  Overlord  
  158  8:54  Hydralisk x2  
  158  8:55  Hydralisk  
  167  8:56  Hydralisk  
  167  8:59  Hydralisk  
  167  9:00  Hydralisk  
  167  9:10  Zerg Missile Weapons Level 2, Zerg Ground Armor Level 2  
  167  9:12  Hydralisk x2  
  167  9:13  Hydralisk x2  
  175  9:18  Drone x3  
  175  9:20  Extractor x2  
  175  9:24  Drone x5  
  179  9:25  Overlord, Drone  
  182  9:46  Hydralisk x3  
  182  9:47  Overlord  
  182  9:48  Overlord  
  188  9:56  Spore Crawler, Drone  
  188  9:57  Spine Crawler x2  
  184  10:09  Hydralisk  
  184  10:10  Hatchery, Hydralisk x11  
  199  10:17  Baneling x15  
  199  10:18  Baneling x2  
  199  10:21  Adrenal Glands  
  198  10:55  Extractor  
  198  10:56  Extractor  
  192  11:18  Hydralisk  
  174  11:19  Zergling x2  
  174  11:20  Viper x5, Zergling x16  
  194  11:26  Hydralisk x2  
  194  11:31  Hydralisk x4  
  199  11:43  Baneling  
  199  11:44  Baneling x10  
  194  12:01  Hydralisk  
  194  12:02  Hydralisk x4  
  200  12:14  Overlord x5  
  181  12:42  Hydralisk x8  
  181  12:43  Hydralisk  
Show
View Real Time Build Order
Export as new Build Order

llllllllllll Terran 

Build Orders: Gas First Reaper Expand, Reaper Expand, Mech 

Get SALT Encoding   

  12  0:00  SCV  
  13  0:12  SCV  
  14  0:19  Supply Depot  
  14  0:25  SCV  
  15  0:30  Refinery  
  15  0:41  SCV  
  16  0:45  Barracks  
  16  0:53  SCV  
  17  1:05  SCV  
  18  1:17  SCV  
  19  1:32  Reaper  
  21  1:36  Orbital Command  
  20  1:44  Command Center  
  20  1:55  Factory  
  20  2:03  Supply Depot  
  20  2:09  SCV  
  20  2:10  Barracks Tech Lab  
  21  2:21  SCV  
  22  2:33  SCV  
  23  2:40  Supply Depot  
  23  2:44  Siege Tank  
  23  2:46  SCV  
  27  2:57  Orbital Command  
  27  2:58  SCV  
  28  3:10  SCV  
  29  3:13  Command Center  
  29  3:22  SCV  
  29  3:23  SCV  
  31  3:27  Refinery  
  31  3:28  Refinery  
  31  3:32  Siege Tank  
  34  3:34  SCV  
  34  3:35  SCV  
  34  3:36  Marine  
  37  3:46  SCV  
  37  3:47  SCV  
  39  3:58  Starport, SCV  
  39  3:59  SCV  
  41  4:03  Refinery  
  41  4:09  Hellion  
  43  4:10  SCV  
  43  4:11  SCV  
  43  4:14  Armory  
  45  4:22  SCV  
  45  4:23  SCV  
  46  4:27  Orbital Command  
  46  4:34  Factory, SCV  
  46  4:35  SCV  
  48  4:39  Viking  
  50  4:47  SCV, Hellion  
  50  4:48  Barracks Tech Lab, SCV  
  54  4:59  Factory, SCV  
  55  5:00  SCV  
  55  5:01  Armory  
  55  5:02  SCV  
  57  5:07  Terran Vehicle Weapons Level 1  
  57  5:11  SCV  
  57  5:12  SCV  
  59  5:14  SCV  
  59  5:18  Starport Reactor  
  59  5:20  Barracks Tech Lab  
  60  5:23  SCV  
  60  5:24  SCV  
  62  5:30  Thor  
  62  5:34  Orbital Command  
  66  5:36  SCV  
  68  5:42  SCV  
  68  5:52  Supply Depot  
  68  5:53  Supply Depot  
  68  5:55  Supply Depot x2  
  68  5:56  Terran Vehicle And Ship Armor Level 1, Supply Depot  
  68  5:58  SCV, Engineering Bay  
  69  6:11  Refinery  
  69  6:13  SCV, Thor  
  69  6:14  Hellion  
  69  6:15  Refinery  
  78  6:24  Hellion  
  80  6:29  Factory x2  
  80  6:31  Missile Turret  
  80  6:34  SCV x2, Missile Turret  
  80  6:36  SCV, Hellion  
  80  6:39  Missile Turret  
  85  6:46  SCV x2, Hellion  
  89  6:48  SCV  
  89  6:49  Medivac x2  
  89  6:53  Missile Turret  
  94  6:56  Thor  
  94  6:58  SCV  
  93  7:13  Thor x2  
  105  7:15  SCV  
  105  7:18  SCV  
  105  7:20  Missile Turret  
  107  7:22  Missile Turret  
  107  7:34  Factory Tech Lab  
  107  7:50  Factory Reactor  
  107  7:54  Supply Depot  
  107  7:55  Supply Depot  
  107  7:56  Supply Depot  
  107  7:59  Supply Depot  
  105  8:12  Terran Vehicle Weapons Level 2  
  104  8:17  SCV x3, Thor  
  104  8:18  Supply Depot  
  104  8:19  Supply Depot, Terran Vehicle And Ship Armor Level 2  
  113  8:20  Thor  
  113  8:21  Supply Depot  
  113  8:23  Hellion x2  
  113  8:24  Supply Depot  
  123  8:29  SCV x2  
  123  8:32  Thor x2  
  125  8:37  Sensor Tower  
  125  8:39  SCV  
  126  8:41  SCV x2  
  126  8:42  Viking x2  
  126  8:44  Hellion x3  
  138  8:48  Supply Depot  
  138  8:49  Supply Depot, Thor  
  138  8:52  SCV  
  138  8:53  SCV  
  138  8:54  SCV  
  147  8:59  Supply Depot x2  
  147  9:12  Viking  
  147  9:16  Hellion  
  157  9:17  Hellion x4  
  157  9:18  Infernal Pre-Igniter  
  157  9:20  SCV  
  160  9:31  Supply Depot  
  160  9:32  Supply Depot  
  160  9:43  Siege Tank x2  
  160  9:44  Siege Tank x2  
  172  9:47  Viking x2  
  176  10:27  Command Center  
  176  10:28  Siege Tank x3  
  182  10:29  Missile Turret, Siege Tank  
  182  10:30  Missile Turret  
  182  10:32  Missile Turret  
  188  10:37  Command Center  
  182  10:51  Command Center  
  182  11:00  Thor  
  188  11:06  Orbital Command  
Tags
 
Add a new tag
Caveats
  • Supply blocks, unpowered buildings, or Contaminate may cause inaccurate times.
  • Supply counts are checked every 10 seconds.